 Dungeon Crawl Stone Soup version 0.30.0-30-g96aa6591b8 (webtiles) character file.

Game seed: 8003978640887584317

1640 Chiseanne the Covert (level 8, -4/56 (60) HPs)
             Began as an Octopode Delver on June 27, 2023.
             Slain by a wight
             ... wielding a +4 spear
              (12 damage)
             ... on level 7 of the Dungeon.
             The game lasted 00:21:53 (4233 turns).

Chiseanne the Covert (Octopode Delver)              Turns: 4233, Time: 00:21:54

HP:   -4/56 (60)    AC:  5    Str: 13    XL:     8   Next: 99%
MP:   8/8           EV: 17    Int: 13    God:
Gold: 425           SH:  0    Dex: 19    Spells: 7/7 levels left

rFire   . . .        a - +2 hand axe (freeze)
rCold   . . .        (no shield)
rNeg    . . .        (helmet restricted)
rPois   .            (no amulet)
rElec   .            i - +6 ring of dexterity
rCorr   .            q - +4 ring of protection
SInv    .            (no ring)
Will    .....        (no ring)
Stlth   ++++++       (no ring)
HPRegen 0.29/turn    (no ring)
MPRegen 0.11/turn    (no ring)
                     (no ring)

%: no passive effects
@: drained
A: almost no armour, amphibious, 8 rings, camouflage 1, gelatinous body 1,
(nimble swimmer 1), tentacles
a: no special abilities


You were on level 7 of the Dungeon.
You visited 2 branches of the dungeon, and saw 7 of its levels.
You also visited: Bailey.

You collected 425 gold pieces.

Inventory:

Hand Weapons
 a - a +2 hand axe of freezing (weapon)
 s - a +0 dagger of venom
 t - a +0 halberd of protection
Missiles
 g - 5 poisoned darts (quivered)
 k - 6 stones
 u - 2 throwing nets
Jewellery
 i - a +6 ring of dexterity (left tentacle)
 q - a +4 ring of protection (right tentacle)
Wands
 c - a wand of paralysis (5)
 f - a wand of digging (1)
 o - a wand of flame (9)
 v - a wand of quicksilver (2)
Scrolls
 b - 3 scrolls of fog
 d - a scroll of fear
 j - a scroll of magic mapping
 m - a scroll of amnesia
Potions
 e - 4 potions of haste
 h - 2 potions of flight
 l - a potion of attraction {unknown}
 n - 2 potions of mutation
 p - a potion of magic {unknown}
 r - a potion of berserk rage


   Skills:
 * Level 7.0 Fighting
 - Level 2.0 Short Blades
 * Level 6.6 Dodging
 * Level 11.2 Stealth


You had 7 spell levels left.
You didn't know any spells.
Your spell library contained the following spells:

 Spells                   Type           Power      Damage    Failure   Level
 Sandblast                Erth           0%         2d4       30%         1
 Passwall                 Tmut/Erth      0%         N/A       43%         2
 Stone Arrow              Conj/Erth      0%         3d7       67%         3


Dungeon Overview and Level Annotations

Branches:
Dungeon (9/15)             Temple (1/1) D:5            Lair (0/5) D:9
 Bailey (visited)
    Orc: D:9-12

Altars:
Ashenzari
Cheibriados
Elyvilon
Fedhas
Hepliaklqana
Kikubaaqudgha
Makhleb
Nemelex Xobeh
Okawaru
Qazlal
Trog
Uskayaw
Vehumet
Wu Jian
Xom
The Shining One

Shops:
D:8 *


Innate Abilities, Weirdness & Mutations

You cannot wear most types of armour.
You are amphibious.
You can wear up to eight rings at the same time.
Your skin changes colour to match your surroundings (Stealth+).
Your rubbery body absorbs attacks. (AC +1, EV +1)
((You are camouflaged when in or above water. (Stealth+)))
You have tentacles for arms and can constrict up to eight enemies at once.


Message History

The wight misses you.
You slash the wight!
The wight is severely damaged.
You constrict the wight. The wight closely misses you.
You hit the wight.
You squeeze the wight, but do no damage.
The wight is almost destroyed.
You constrict the wight.
You destroy the wight!
You barely miss the wight. You grab the wight. You constrict the wight.
The wight barely misses you.
You hit the wight but do no damage.
The wight is lightly damaged.
You constrict the wight.
The wight hits you with a +4 war axe of freezing!
The wight freezes you.
You hit the wight.
The wight is moderately damaged.
You hit the wight but do no damage. You constrict the wight.
The wight hits you with a +4 war axe of freezing!
You feel drained. The wight freezes you. The wight closely misses you.
The wight misses you. x2; The wight barely misses you.
You hit the wight.
The wight is severely damaged.
You closely miss the wight. You constrict the wight.
The wight barely misses you.
The wight hits you with a +4 war axe of freezing!
* * * LOW HITPOINT WARNING * * *
You feel drained.
* * * LOW HITPOINT WARNING * * *
The wight freezes you.
* * * LOW HITPOINT WARNING * * *
The wight misses you.
You hit the wight but do no damage.
You squeeze the wight, but do no damage.
The wight is almost destroyed.
You hit the wight but do no damage.
You constrict the wight, but do no damage.
The wight hits you from afar with a +4 spear!
You die...

#............ #.
.............#.
................
...............
#....#.#........
............... #.......
#....#. ........# ..... .....#
##..<.. ........# #...## #...#
##...z .....#..# #...###...#
#.... .....#..### #...##..#
##... .....#....#####.@z...##
##.. #................zz...#
##... ###...............#...##
###....
#..##...######.......####.z....
#...##..#####
#.............##.. ##..#
#......###.#...#####...###.
...# ##............## ##...##.
...# #...#.#.#.#..# ##...#.
...# #............# ##.>.#


You could see 3 wights.

Vanquished Creatures
  A steam dragon (D:9)
  Edmund (D:6)
  An orc warrior (D:9)
  A black bear (D:7)
  An ice beast (D:7)
  4 centaurs
  A kobold brigand (D:9)
  A bullfrog (D:8)
  A wight (D:7)
  2 jellies
  3 hounds
  2 orc priests
  A gnoll bouda (D:8)
  3 iguanas
  A sleepcap (D:5)
  6 orc wizards
  5 gnolls
  4 adders
  2 shadow imps
  19 orcs
  A goblin (D:5)
61 creatures vanquished.

Notes
Turn   | Place    | Note
-------+----------+-------------------------------------------
     0 | D:5      | Chiseanne the Octopode Delver began the quest for the Orb.
     0 | D:5      | Reached XP level 1. HP: 16/16 MP: 1/1
    16 | D:5      | Noticed a sleepcap
    56 | D:5      | Noticed a hound
    58 | D:5      | Found a staircase to the Ecumenical Temple.
    59 | D:5      | Noticed a jelly
    61 | D:5      | Killed a jelly
    62 | D:5      | Reached skill level 7 in Stealth
    62 | D:5      | Reached XP level 2. HP: 21/21 MP: 2/2
    62 | D:5      | Reached XP level 3. HP: 26/26 MP: 3/3
    66 | Temple   | Entered the Ecumenical Temple
   266 | D:5      | Reached XP level 4. HP: 22/33 MP: 4/4
   332 | D:4      | Noticed a scorpion
   408 | D:5      | Found a broken altar of Ashenzari.
   476 | D:5      | Found a shimmering altar of Xom.
   600 | D:4      | Reached XP level 5. HP: 34/37 MP: 5/5
   785 | D:5      | Reached skill level 8 in Stealth
  1000 | D:6      | Reached XP level 6. HP: 35/44 MP: 6/6
  1152 | D:6      | Found a glowing golden altar of the Shining One.
  1170 | D:6      | Noticed a two-headed ogre
  1222 | D:6      | Noticed Edmund
  1249 | D:6      | Killed Edmund
  1252 | D:6      | HP: 2/45 [poisoned by Edmund]
  1527 | D:7      | Reached skill level 5 in Fighting
  1527 | D:7      | Reached XP level 7. HP: 43/50 MP: 7/7
  1547 | D:7      | Reached skill level 9 in Stealth
  1718 | D:7      | Reached skill level 5 in Dodging
  2038 | D:8      | Reached XP level 8. HP: 35/57 MP: 8/8
  2120 | D:8      | Noticed a gargoyle
  2194 | D:8      | Noticed a yak
  2194 | D:8      | Noticed a yak
  2194 | D:8      | Noticed a yak
  2217 | D:8      | Found Lodismis's Overcharged Wands.
  2286 | D:8      | Found a flagged portal.
  2295 | Bailey   | Entered a bailey
  2592 | D:8      | Reached skill level 10 in Stealth
  3099 | D:8      | Noticed a two-headed ogre
  3568 | D:9      | Found a staircase to the Lair.
  3593 | D:9      | Noticed a hornet
  3749 | D:9      | Reached skill level 11 in Stealth
  3862 | D:9      | Found a white marble altar of Elyvilon.
  4233 | D:7      | Slain by a wight

Illustrated notes

Levels and vault maps discovered:
D:4:      layout_gridville, grunt_temple_overflow_gold_and_silver,
          jmf_multi_god_temple, serial_shops, nicolae_shop_advertising_works
          [nicolae_subvault_shop_adworks], uniq_ijyb
D:5:      layout_rooms, mainiacjoe_overflow_tiny_flanked,
          mainiacjoe_overflow_boulevard, minmay_temple_entry_hall
D:6:      layout_basic, kennysheep_mini, uniq_duvessa, uniq_edmund,
          uniq_menkaure
D:7:      layout_layer_cave, serial_glass, glass_columns_a, glass_columns_b,
          glass_columns_a, glass_columns_b, glass_columns_c, glass_columns_b,
          glass_columns_a, glass_columns_c, glass_columns_b, glass_columns_a
D:8:      layout_basic, enter_bailey_8, nicolae_shop_overcharged_wands
D:9:      layout_loops_cross, nicolae_overflow_two_pavilions,
          nicolae_elyvilon_peaceful_grove, dpeg_oklobed_lair,
          blue_anna_alchemist
Temple:   nicolae_temple_slightly_damp_pantheon

Skill      XL: |  1  2  3  4  5  6  7  8 |
---------------+-------------------------+-----
Stealth        | 7 8 9 11 | 11.2
Dodging        | 3 4 5 6 |  6.6
Fighting       | 4 5 7 |  7.0
Short Blades   | |  2.0

Action                     |  1- 3 |  4- 6 |  7- 9 || total
---------------------------+-------+-------+-------++-------
  Melee: Short sword       |     7 |     4 |       ||    11
         Tentacles         |     2 |    18 |    36 ||    56
         Constrict         |     1 |    15 |    28 ||    44
         Hand axe          |       |    58 |   130 ||   188
         Punch             |       |       |     3 ||     3
  Throw: Dart              |       |       |     3 ||     3
  Evoke: Wand              |       |     4 |    12 ||    16
    Use: Scroll            |       |     6 |     5 ||    11
         Potion            |       |     2 |     2 ||     4
   Stab: Sleeping          |     1 |     6 |     8 ||    15
         Invisible         |       |    10 |       ||    10
         Paralysed         |       |       |     4 ||     4
         Distracted        |       |       |     1 ||     1
 Armour: Skin              |       |     2 |     5 ||     7
  Dodge: Dodged            |     4 |    36 |   143 ||   183
